 Dungeon Crawl Stone Soup version 0.30.0-5-g1a98f26d00 (webtiles) character file.

Game seed: 158589558721980105

9349 ragingrage the Basher (level 11, -4/77 (83) HPs)
             Began as a Human Cinder Acolyte on May 10, 2023.
             Was a High Priest of Ignis.
             Slain by a two-headed ogre
             ... wielding a +0 giant club
              (31 damage)
             ... on level 9 of the Dungeon.
             The game lasted 00:20:39 (17615 turns).

ragingrage the Basher (Human Cinder Acolyte)       Turns: 17615, Time: 00:20:40

HP:   -4/77 (83)    AC: 12    Str: 16    XL:     11   Next: 72%
MP:   8/15          EV: 11    Int: 18    God:    Ignis [*****.]
Gold: 779           SH:  5    Dex: 10    Spells: 13/16 levels left

rFire   + . .        U - +4 morningstar (freeze)
rCold   . . .        (no shield)
rNeg    . . .        C - +0 ring mail of the Past {Int+2}
rPois   .            F - +2 hat
rElec   .            (no cloak)
rCorr   .            B - +0 pair of gloves
SInv    .            q - +2 pair of boots
Will    .....        G - amulet of reflection
Stlth   +            w - ring of wizardry
HPRegen 0.32/turn    (no ring)
MPRegen 0.14/turn

%: reflection, wizardry (x1)
@: drained
A: no striking features
a: Renounce Religion, Fiery Armour, Foxfire Swarm, Rising Flame


You were on level 9 of the Dungeon.
You worshipped Ignis.
Ignis was extremely pleased with you.
You visited 2 branches of the dungeon, and saw 11 of its levels.

You collected 779 gold pieces.

Inventory:

Hand Weapons
 b - a +2 sling of freezing
 k - a +0 arbalest
 U - a +4 morningstar of freezing (weapon)
Missiles
 y - 2 boomerangs
 O - a throwing net
 S - 4 datura-tipped darts
Armour
 q - a +2 pair of boots (worn)
 B - a +0 pair of gloves (worn)
 C - the +0 ring mail of the Past (worn) {Int+2}
   (You found it on level 4 of the Dungeon)

   Int:       It affects your intelligence (+2).
 F - a +2 hat (worn)
Jewellery
 w - a ring of wizardry (left hand)
 G - an amulet of reflection (around neck)
 P - a ring of ice
Wands
 s - a wand of polymorph (13)
 u - a wand of digging (2)
 z - a wand of flame (59)
Scrolls
 a - a scroll of enchant armour
 d - 4 scrolls of teleportation
 f - a scroll of summoning {unknown}
 m - a scroll of noise {unknown}
 p - 3 scrolls of torment
 r - 2 scrolls of fog
 t - 3 scrolls of poison {unknown}
 v - 4 scrolls of amnesia
 A - 2 scrolls of vulnerability {unknown}
 H - a scroll of brand weapon {unknown}
 I - a scroll of immolation {unknown}
 J - 4 scrolls of magic mapping
 L - a scroll of enchant weapon {unknown}
 R - a scroll of fear {unknown}
Potions
 c - 3 potions of curing
 e - a potion of invisibility {unknown}
 g - 3 potions of cancellation
 i - 2 potions of brilliance
 j - 3 potions of flight
 l - 3 potions of heal wounds
 n - 2 potions of might {unknown}
 o - 2 potions of resistance {unknown}
 x - 2 potions of lignification
 D - 2 potions of haste {unknown}
 N - a potion of ambrosia {unknown}
 Q - a potion of berserk rage {unknown}
 T - 2 potions of mutation {unknown}


   Skills:
 + Level 6.5 Fighting
 - Level 14.0 Maces & Flails
 + Level 4.0 Armour
 - Level 3.0 Dodging
 - Level 3.0 Stealth
 - Level 3.0 Spellcasting
 - Level 2.0 Conjurations
 - Level 5.0 Fire Magic
 - Level 4.0 Evocations


You had 13 spell levels left.
You knew the following spells:

 Your Spells              Type           Power      Damage    Failure   Level
a - Foxfire               Conj/Fire      60%        2x1d7     2%          1
b - Scorch                Fire           40%        2d6       2%          2

Your spell library contained the following spells:

 Spells                   Type           Power      Damage    Failure   Level
 Ensorcelled Hibernation  Hex/Ice        4%         N/A       17%         2
 Spider Form              Tmut/Pois      2%         N/A       32%         3
 Anguish                  Hex/Necr       1%         N/A       71%         4


Dungeon Overview and Level Annotations

Branches:
Dungeon (10/15)            Temple (1/1) D:5
   Lair: D:8-11         Orc: D:9-12

Altars:
Ashenzari
Cheibriados
Dithmenos
Elyvilon
Fedhas
Gozag
Hepliaklqana
Kikubaaqudgha
Makhleb
Nemelex Xobeh
Okawaru
Qazlal
Ru
Sif Muna
Trog
Uskayaw
Vehumet
Wu Jian
Xom
Yredelemnul
Zin
The Shining One

Shops:
D:6 [   D:10 (

Annotations:
D:5 exclusion: upstairs
D:7 2 runed translucent doors, particleface's ghost, novice DjBe


Message History

The steam dragon barely misses you. You block the steam dragon's attack.
The steam dragon breathes steam at you. The ball of steam hits you. You resist.
There is a shaft here.
The steam dragon attacks as you move away!
The steam dragon closely misses you.
The steam dragon claws you but does no damage.
The steam dragon is sucked into a shaft!
The shaft crumbles and collapses.
Casting: Scorch (safe; 2% risk of failure) Flames lash the two-headed ogre.
The two-headed ogre's fire resistance burns away.
The two-headed ogre hits you but does no damage.
You block the two-headed ogre's attack.
The two-headed ogre attacks as you move away!
The two-headed ogre hits you but does no damage.
The two-headed ogre hits you with a +0 dire flail.
The two-headed ogre is no longer more vulnerable to fire.
Casting: Scorch (safe; 2% risk of failure) Flames lash the two-headed ogre.
The two-headed ogre's fire resistance burns away.
The two-headed ogre is engulfed in a cloud of scalding steam.
The two-headed ogre attacks as you move away!
The two-headed ogre hits you with a +0 giant club!
The two-headed ogre hits you with a +0 dire flail!
The two-headed ogre attacks as you move away!
The two-headed ogre barely misses you.
The two-headed ogre hits you with a +0 dire flail.
The two-headed ogre is no longer more vulnerable to fire.
There is a stone staircase leading up, spattered with blood here.
Casting: Scorch (safe; 2% risk of failure) Flames lash the two-headed ogre.
The two-headed ogre's fire resistance burns away.
The two-headed ogre hits you with a +0 giant club!
The two-headed ogre hits you with a +0 dire flail!!
You climb upwards.
There is a stone staircase leading down here.
The two-headed ogre attacks as you move away!
The two-headed ogre hits you with a +0 giant club!!
You die...

##......#.##..# ######......
.##...........# #...........
..####........# #........###
..###.....#...# #........#
......#.###.##########........#
#..[....# #.#.....[..##########
#....#### ###........# #...#
.....########...O>...# #...# #
##...'..........@....# ###...####
##...##########'###### #.+.....##
..[......# #.########.#...#...
.........######.#..........#...<.
........)'..)##.#..........'.....
...#.....###)##.#.....<...[###...
...#.....###.##.'.)......>[# #...
...#.....##...###.......[..# #...
...##....##....#...........# #..#


You could see a two-headed ogre (combustible).

Vanquished Creatures
  Erica (D:8)
  A komodo dragon (D:10)
  A hornet (D:8)
  A vampire (D:6)
  A wraith (D:10)
  A shadow (D:10)
  22 yaks
  2 wyverns
  A steam dragon (D:8)
  An acid dragon (D:8)
  A water moccasin (D:6)
  An ice beast (D:6)
  A sky beast (D:8)
  A black bear (D:6)
  2 centaurs (D:9)
  6 ogres
  A phantom (D:6)
  3 gnoll sergeants
  2 bullfrogs
  3 scorpions
  19 wights
  2 howler monkeys
  5 crimson imps (D:9)
  5 hounds
  9 orc priests
  4 jellies
  4 sleepcaps
  An iguana (D:6)
  13 orc wizards
  Ijyb (D:3)
  11 gnolls
  6 adders
  2 shadow imps
  6 white imps
  2 worms
  2 dart slugs
  31 orcs
  4 ball pythons
  9 endoplasms
  2 giant cockroaches
  6 goblins
  6 hobgoblins
  3 jackals (D:2)
  4 kobolds
  6 quokkas
  5 bats
  3 frilled lizards (D:1)
  9 rats
233 creatures vanquished.

Vanquished Creatures (others)
  A crimson imp (D:9)
  51 foxfires
52 creatures vanquished.

Grand Total: 285 creatures vanquished

Notes
Turn   | Place    | Note
-------+----------+-------------------------------------------
     0 | D:1      | ragingrage the Human Cinder Acolyte began the quest for the
                  | Orb.
     0 | D:1      | Reached XP level 1. HP: 18/18 MP: 2/2
   271 | D:1      | Reached XP level 2. HP: 20/24 MP: 3/3
   924 | D:2      | Found a sacrificial altar of Ru.
   989 | D:2      | Reached XP level 3. HP: 29/29 MP: 4/4
  1004 | D:2      | Learned a level 2 spell: Scorch
  1028 | D:2      | Reached skill level 1 in Stealth
  2131 | D:4      | Reached XP level 4. HP: 25/35 MP: 0/5
  2346 | D:3      | Reached skill level 4 in Maces & Flails
  2354 | D:3      | Reached XP level 5. HP: 41/41 MP: 2/6
  2503 | D:3      | Noticed Ijyb
  2522 | D:3      | Killed Ijyb
  3263 | D:4      | Reached XP level 6. HP: 47/47 MP: 3/9
  3428 | D:4      | Reached skill level 5 in Maces & Flails
  3460 | D:4      | Noticed an ogre
  4463 | D:4      | Reached XP level 7. HP: 52/52 MP: 5/10
  4557 | D:5      | Entered Level 5 of the Dungeon
  4661 | D:5      | Reached skill level 5 in Fire Magic
  4726 | D:5      | Reached skill level 6 in Maces & Flails
  4802 | D:5      | Found a staircase to the Ecumenical Temple.
  4808 | Temple   | Entered the Ecumenical Temple
  5526 | D:4      | Reached skill level 7 in Maces & Flails
  5532 | D:4      | Identified the +0 ring mail of the Past {Int+2}
  5870 | D:4      | Reached XP level 8. HP: 58/58 MP: 0/11
  6229 | D:5      | Found a shadowy altar of Dithmenos.
  6690 | D:6      | Reached skill level 8 in Maces & Flails
  7276 | D:6      | Noticed a vampire
  7340 | D:7      | Reached skill level 5 in Fighting
  7510 | D:7      | Reached XP level 9. HP: 59/68 MP: 3/13
  7683 | D:7      | Reached skill level 9 in Maces & Flails
  8412 | D:6      | Reached skill level 10 in Maces & Flails
  8768 | D:6      | Found Guogayhu's Armour Boutique.
  9383 | D:7      | Reached skill level 11 in Maces & Flails
 10041 | D:7      | Found a large runed translucent door.
 10041 | D:7      | Found a large runed translucent door.
 10044 | D:7      | Noticed particleface's ghost (novice DjBe)
 10432 | D:7      | Reached XP level 10. HP: 68/74 MP: 3/14
 10798 | D:7      | Found an ancient bone altar of Kikubaaqudgha.
 10798 | D:7      | Found a radiant altar of Vehumet.
 10806 | D:7      | Got Vehumet's Papyrus of Forces
 10815 | D:7      | Found a shimmering blue altar of Sif Muna.
 10818 | D:7      | Learned a level 1 spell: Foxfire
 11252 | D:8      | Reached skill level 12 in Maces & Flails
 11531 | D:8      | Reached skill level 1 in Conjurations
 11611 | D:8      | Paralysed by a hornet for 3 turns
 11678 | D:8      | Noticed Erica
 11743 | D:8      | Reached skill level 13 in Maces & Flails
 13343 | D:8      | Killed Erica
 13344 | D:8      | Reached skill level 14 in Maces & Flails
 13344 | D:8      | Reached XP level 11. HP: 70/79 MP: 1/15
 14015 | D:9      | Reached skill level 1 in Armour
 14018 | D:9      | Reached skill level 1 in Dodging
 14018 | D:9      | Reached skill level 1 in Evocations
 15088 | D:10     | Entered Level 10 of the Dungeon
 15101 | D:10     | HP: 4/81 [wight/+2 antimagic hand axe (3)]
 16801 | D:10     | Noticed a two-headed ogre
 17079 | D:10     | Found Xuchiora's Antique Weapon Emporium.
 17366 | D:10     | Found an ornate altar of the Wu Jian Council.
 17369 | D:10     | Found a burning altar of Makhleb.
 17369 | D:10     | Found a sacrificial altar of Ru.
 17372 | D:10     | Found a glowing silver altar of Zin.
 17615 | D:9      | Slain by a two-headed ogre

Illustrated notes

Levels and vault maps discovered:
D:1:      amcnicky_arrival_wind_blow, layout_basic
D:2:      layout_basic, basic_altar, minmay_tromino_i2
D:3:      layout_loops_ring, st_stairs_4, serial_bayou_lagoon_b, uniq_ijyb
D:4:      minmay_inner_zag, layout_basic
D:5:      layout_basic, mainiacjoe_overflow_boulevard, minmay_temple_entry_hall,
          minmay_misc_feat_alley
D:6:      minmay_bubble_buster, layout_cave_pods, serial_shops,
          nicolae_shop_hallway_stairs, kennysheep_generic_room_2
D:7:      layout_rooms, palyth_temple_overflow_mages,
          ebering_ghost_disaster_area
D:8:      layout_basic, uniq_erica
D:9:      layout_basic, minmay_nine_imps
D:10:     kennysheep_steamy, layout_basic, grunt_temple_overflow_open,
          serial_shops, shop, uniq_fannar
Temple:   minmay_temple_curvy_branch

Skill      XL: |  1  2  3  4  5  6  7  8  9 10 11 |
---------------+----------------------------------+-----
Stealth        | 1 2 3 |  3.0
Maces & Flails | 4 5 7 8 11 14 | 14.0
Fire Magic     | 4 5 |  5.0
Spellcasting   | 2 3 |  3.0
Fighting       | 5 6 |  6.5
Conjurations   | 2 |  2.0
Armour         | 4 |  4.0
Dodging        | 3 |  3.0
Evocations     | 4 |  4.0

Action                     |  1- 3 |  4- 6 |  7- 9 | 10-12 || total
---------------------------+-------+-------+-------+-------++-------
  Melee: Mace              |    79 |    51 |    52 |       ||   182
         Punch             |     1 |       |     1 |     1 ||     3
         Flail             |       |       |       |   153 ||   153
         Morningstar       |       |       |       |    48 ||    48
         Unarmed           |       |       |       |     4 ||     4
   Fire: Sling             |       |    14 |     5 |       ||    19
  Throw: Throwing net      |       |       |       |     1 ||     1
   Cast: Scorch            |    13 |    41 |   190 |   183 ||   427
         Foxfire           |       |       |       |    31 ||    31
 Invoke: Fiery Armour      |       |       |       |     1 ||     1
  Evoke: Wand              |       |       |     5 |    13 ||    18
    Use: Scroll            |       |     5 |     7 |     5 ||    17
         Potion            |       |       |     2 |     4 ||     6
 Armour: Robe              |    17 |    13 |       |       ||    30
         Scale mail        |     5 |       |       |       ||     5
         Ring mail         |       |    17 |    81 |    96 ||   194
         Skin              |       |       |       |     6 ||     6
  Dodge: Dodged            |    68 |    46 |    95 |   121 ||   330
  Block: Other             |       |       |    23 |    54 ||    77
         Reflection        |       |       |     1 |     2 ||     3
